AoeStats
← IRONFLYTE

Nomad

509829658Analyzed
2v2 RM · 4d ago on Sep 28, 2026· 44m 28s· 4 players
Game mode
Random Map
Map size
176×176
Population
200
Speed
Normal
Resources
Standard
Victory
Conquest
Starting age
Dark Age
Ending age
Imperial Age
RankedLock teamsTeams togetherTeam positionsShared explorationLock speedFull tech treeHidden civsTurbo modeCheats
Victory
Defeat
🇺🇸 Franks · United States
998
+13
🇺🇸 Persians · United States
972
+14
🇫🇷 Malians · France
979
-15
🇩🇪 Byzantines · Germany
901
-12
TricksterElite
5:33 Loom
15:32 Feudal Age
16:54 Wheelbarrow
16:06 Double-Bit Axe
16:09 Fishing Lines
18:55 Gold Mining
18:57 Town Watch
19:19 Stone Mining
27:27 Castle Age
28:36 Hand Cart
28:35 Bow Saw
30:12 Husbandry
32:26 Forging
32:21 Scale Barding Armor
32:33 Fortified Wall
35:52 Imperial Age
34:14 Iron Casting
34:09 Masonry
33:55 Murder Holes
35:58 Cavalier
37:41 Blast Furnace
37:39 Paladin
38:52 Chain Barding Armor
40:42 Chemistry
42:36 Plate Barding Armor
42:56 Caravan
IRONFLYTE
3:22 Loom
19:22 Feudal Age
19:53 Double-Bit Axe
20:41 Town Watch
21:32 Wheelbarrow
23:08 Padded Archer Armor
26:46 Horse Collar
26:57 Gold Mining
27:03 Fletching
27:23 Forging
27:06 Arson
27:38 Scale Mail Armor
27:12 Man-at-Arms
33:28 Castle Age
33:08 Bloodlines
33:47 Scale Barding Armor
35:47 Long Swordsman
36:13 Gambesons
36:09 Light Cavalry
37:33 Bow Saw
38:54 Leather Archer Armor
41:10 Bodkin Arrow
43:11 Iron Casting
42:56 Caravan
43:45 Stone Mining
44:11 Heavy Plow
45:04 Gold Shaft Mining
Titou
5:01 Loom
13:29 Feudal Age
15:14 Double-Bit Axe
Denver18780
4:59 Loom
16:01 Feudal Age
18:27 Wheelbarrow
19:46 Fletching
24:33 Castle Age
23:17 Gold Mining
24:34 Crossbowman
25:57 Bodkin Arrow
30:14 Ballistics
32:53 Hand Cart
34:21 Scale Barding Armor
34:27 Forging
34:19 Padded Archer Armor
44:00 Imperial Age
41:32 Treadmill Crane
41:51 Murder Holes
42:21 Chain Barding Armor
42:37 Iron Casting
42:16 Thumb Ring
43:43 Horse Collar
Connection lost

Rejoining the realm…

Still unreachable

The connection could not be restored.

Session expired

The server has moved on; the page needs a fresh start.